 Dungeon Crawl Stone Soup version 0.30-a0-737-gf23d94013f (webtiles) character file.

Game seed: 8801179489676186544

80 porpoise the Sneak (level 4, 0/32 HPs)
             Began as a Gnoll Enchanter on Feb 3, 2023.
             Killed from afar by an orc wizard (10 damage)
             ... with a puff of flame
             ... on level 3 of the Dungeon.
             The game lasted 00:10:01 (1944 turns).

porpoise the Sneak (Gnoll Enchanter)                Turns: 1944, Time: 00:10:01

Health: 0/32       AC:  2    Str:  8    XL:     4   Next: 39%
Magic:  5/11       EV: 13    Int: 14    God:
Gold:   17         SH:  0    Dex: 14    Spells: 5/13 levels left

rFire   . . .      SeeInvis .    a - +1 dagger
rCold   . . .      Faith    .    (no shield)
rNeg    . . .      Spirit   .    b - +0 robe
rPois   .          Reflect  .    (no helmet)
rElec   .          Harm     .    (no cloak)
rCorr   .          Rampage  .    (no gloves)
Will    .....                    (no boots)
Stlth   +++                      (no amulet)
HPRegen 0.25/turn                (no ring)
MPRegen 0.12/turn                (no ring)

@: very slightly contaminated
A: fangs 1, strong nose, distributed training
a: no special abilities


You were on level 3 of the Dungeon.
You visited 1 branch of the dungeon, and saw 3 of its levels.

You collected 87 gold pieces.
You spent 70 gold pieces at shops.

Inventory:

Hand Weapons
 a - a +1 dagger (weapon)
Armour
 b - a +0 robe (worn)
 f - an orb of light
Scrolls
 e - 2 scrolls of poison
 h - a scroll of noise
 i - a scroll of vulnerability {unknown}
 k - a scroll of immolation {unknown}
 m - a scroll of fear {unknown}
Potions
 c - 2 potions of invisibility
 d - a potion of might
 g - a potion of curing
 j - a potion of lignification
 l - a potion of flight
 o - a potion of heal wounds {unknown}
 p - a potion of brilliance {unknown}


   Skills:
 + Level 1.2 Fighting
 + Level 2.8 Short Blades
 + Level 1.2 Long Blades
 + Level 1.2 Axes
 + Level 1.2 Maces & Flails
 + Level 1.2 Polearms
 + Level 1.2 Staves
 + Level 1.2 Ranged Weapons
 + Level 1.2 Throwing
 + Level 1.2 Armour
 + Level 4.6 Dodging
 + Level 6.0 Stealth
 + Level 1.2 Shields
 + Level 1.2 Unarmed Combat
 + Level 5.1 Spellcasting
 + Level 1.0 Conjurations
 + Level 5.5 Hexes
 + Level 1.0 Summonings
 + Level 1.0 Necromancy
 + Level 1.0 Translocations
 + Level 1.0 Transmutations
 + Level 1.0 Fire Magic
 + Level 1.0 Ice Magic
 + Level 1.0 Air Magic
 + Level 1.0 Earth Magic
 + Level 1.0 Poison Magic
 + Level 1.3 Invocations
 + Level 1.2 Evocations


You had 5 spell levels left.
You knew the following spells:

 Your Spells              Type           Power      Damage    Failure   Level
a - Confusing Touch       Hex            18%        N/A       5%          3
d - Tukima's Dance        Hex            18%        N/A       5%          3
e - Ensorcelled Hibernat  Hex/Ice        24%        N/A       7%          2

Your spell library contained the following spells:

 Spells                   Type           Power      Damage    Failure   Level
 Dazzling Flash           Conj/Hex       24%        N/A       14%         3


Dungeon Overview and Level Annotations

Branches:
Dungeon (3/15)

Altars:

Shops:
D:1 [   D:2 ?


Innate Abilities, Weirdness & Mutations

You have very sharp teeth.
Your uncanny sense of smell can sniff out nearby items.
Your experience applies equally to all skills.


Message History

An orc wizard comes into view. It is wielding a +0 dagger.
Casting: Ensorcelled Hibernation (safe; 7% risk of failure)
Confirm with . or Enter, or press ? or * to list all spells.
Aiming: Ensorcelled Hibernation (safe; 7% risk of failure)
Press: ? - help, Shift-Dir - straight line, f - orc wizard
Aim: an orc wizard, wielding a +0 dagger and wearing a +0 robe (wandering, hasn't noticed you, chance to affect: 46%)
You miscast Ensorcelled Hibernation.
You are very lightly contaminated with residual magic.
Nothing appears to happen.
The orc wizard shouts!
You hear a shout!
Casting: Ensorcelled Hibernation (safe; 7% risk of failure)
Confirm with . or Enter, or press ? or * to list all spells.
Aiming: Ensorcelled Hibernation (safe; 7% risk of failure)
Press: ? - help, Shift-Dir - straight line, f/p - orc wizard
Aim: an orc wizard, wielding a +0 dagger and wearing a +0 robe (chance to affect: 46%)
You miscast Ensorcelled Hibernation.
Nothing appears to happen.
Casting: Ensorcelled Hibernation (safe; 7% risk of failure)
Confirm with . or Enter, or press ? or * to list all spells.
Aiming: Ensorcelled Hibernation (safe; 7% risk of failure)
Press: ? - help, Shift-Dir - straight line, f/p - orc wizard
Aim: an orc wizard, wielding a +0 dagger and wearing a +0 robe (chance to affect: 46%)
The orc wizard looks drowsy...
The orc wizard gestures at you while chanting.
The puff of flame hits you.
The orc wizard shouts!
You hit the orc wizard. Your bite misses the orc wizard.
The orc wizard is lightly wounded.
The orc wizard points at you and mumbles some strange words.
The magic dart hits you!
The orc wizard hits you with a +0 dagger.
You closely miss the orc wizard.
The orc wizard is lightly wounded.
The orc wizard casts a spell at you. The puff of flame hits you!
You hit the orc wizard.
The orc wizard is lightly wounded.
The orc wizard closely misses you. The orc wizard casts a spell at you.
The puff of flame hits you!
You die...

#....<'......#
##[.###......#
#..########## #
#........ #.
#.#####.# #..
#.# #... #.#
#....#.#####.#
#....o@.......∆
#....#o#......
###+##.#......
#.# ..... #.#
..... #.# ....
#.# #### #.#


You could see 2 orc wizards.

Vanquished Creatures
  3 adders (D:2)
  3 dart slugs
  An orc (D:3)
  4 ball pythons (D:1)
  3 endoplasms
  3 giant cockroaches
  4 goblins
  A hobgoblin (D:1)
  2 jackals (D:2)
  7 kobolds
  3 quokkas
  3 bats
  3 frilled lizards (D:1)
  4 rats
44 creatures vanquished.

Notes
Turn   | Place    | Note
-------+----------+-------------------------------------------
     0 | D:1      | porpoise the Gnoll Enchanter began the quest for the Orb.
     0 | D:1      | Reached XP level 1. HP: 13/13 MP: 6/6
   130 | D:1      | Reached XP level 2. HP: 19/19 MP: 7/7
   137 | D:1      | Learned a level 2 spell: Ensorcelled Hibernation
   260 | D:1      | Found Busch's Antique Armour Shop.
   747 | D:1      | Reached skill level 5 in Spellcasting
   747 | D:1      | Reached XP level 3. HP: 25/25 MP: 1/9
   923 | D:2      | Reached skill level 6 in Stealth
  1339 | D:2      | Reached skill level 1 in Invocations
  1375 | D:2      | Reached skill level 1 in Fighting
  1375 | D:2      | Reached skill level 1 in Long Blades
  1375 | D:2      | Reached skill level 1 in Axes
  1375 | D:2      | Reached skill level 1 in Maces & Flails
  1375 | D:2      | Reached skill level 1 in Polearms
  1375 | D:2      | Reached skill level 1 in Staves
  1375 | D:2      | Reached skill level 1 in Ranged Weapons
  1375 | D:2      | Reached skill level 1 in Throwing
  1375 | D:2      | Reached skill level 1 in Armour
  1375 | D:2      | Reached skill level 1 in Shields
  1375 | D:2      | Reached skill level 1 in Unarmed Combat
  1375 | D:2      | Reached skill level 1 in Evocations
  1433 | D:2      | Reached XP level 4. HP: 24/32 MP: 0/11
  1537 | D:2      | Learned a level 3 spell: Confusing Touch
  1541 | D:2      | Learned a level 3 spell: Tukima's Dance
  1546 | D:2      | Found Hoiri's Magic Scroll Shop.
  1577 | D:2      | Bought a scroll of identify for 28 gold pieces
  1577 | D:2      | Bought a scroll of identify for 28 gold pieces
  1577 | D:2      | Bought a scroll of noise for 14 gold pieces
  1880 | D:3      | Reached skill level 1 in Conjurations
  1880 | D:3      | Reached skill level 1 in Summonings
  1880 | D:3      | Reached skill level 1 in Necromancy
  1880 | D:3      | Reached skill level 1 in Translocations
  1880 | D:3      | Reached skill level 1 in Transmutations
  1880 | D:3      | Reached skill level 1 in Fire Magic
  1880 | D:3      | Reached skill level 1 in Ice Magic
  1880 | D:3      | Reached skill level 1 in Air Magic
  1880 | D:3      | Reached skill level 1 in Earth Magic
  1880 | D:3      | Reached skill level 1 in Poison Magic
  1944 | D:3      | Killed from afar by an orc wizard

Illustrated notes

Levels and vault maps discovered:
D:1:      eino_arrival_cavern_e, layout_basic, serial_shops,
          nicolae_shop_competitors_out_of_business, dk_noncrumbling_4,
          hangedman_decor_opposing
D:2:      layout_rooms, serial_shops, shop, chequers_serial_rivers_large_a
D:3:      layout_basic

Skill      XL: |  1  2  3  4 |
---------------+-------------+-----
Spellcasting   | 5 |  5.1
Stealth        | 6 |  6.0
Invocations    | 1 |  1.3
Fighting       | 1 |  1.2
Long Blades    | 1 |  1.2
Axes           | 1 |  1.2
Maces & Flails | 1 |  1.2
Polearms       | 1 |  1.2
Staves         | 1 |  1.2
Ranged Weapons | 1 |  1.2
Throwing       | 1 |  1.2
Armour         | 1 |  1.2
Shields        | 1 |  1.2
Unarmed Combat | 1 |  1.2
Evocations     | 1 |  1.2
Conjurations   | 1 |  1.0
Summonings     | 1 |  1.0
Necromancy     | 1 |  1.0
Translocations | 1 |  1.0
Transmutations | 1 |  1.0
Fire Magic     | 1 |  1.0
Ice Magic      | 1 |  1.0
Air Magic      | 1 |  1.0
Earth Magic    | 1 |  1.0
Poison Magic   | 1 |  1.0
Short Blades   | |  2.8
Dodging        | |  4.6
Hexes          | |  5.5

Action                     |  1- 3 |  4- 6 || total
---------------------------+-------+-------++-------
  Melee: Dagger            |    84 |    26 ||   110
         Bite              |     8 |       ||     8
   Cast: Ensorcelled Hiber |    17 |     9 ||    26
         Confusing Touch   |       |     1 ||     1
    Use: Scroll            |     1 |     4 ||     5
   Stab: Sleeping          |    16 |     8 ||    24
 Armour: Robe              |     1 |     1 ||     2
         Leather armour    |    13 |       ||    13
  Dodge: Dodged            |    56 |    13 ||    69

Table legend: (Time is in decaauts)
 A = Elapsed time spent in this place.
 B = Non-inter-level travel time spent in this place.
 C = Inter-level travel time spent in this place.
 D = Time resting spent in this place.
 E = Time spent auto-exploring this place.
 F = Levels seen in this place.
 G = Mean time per level.
                   A        B        C        D        E       F      G
               +--------+--------+--------+--------+--------+-----+--------+
         Total |   1941 |   1886 |     55 |    498 |    921 |   3 |  647.0 |
       Dungeon |   1941 |   1886 |     55 |    498 |    921 |   3 |  647.0 |
               +--------+--------+--------+--------+--------+-----+--------+

Top non-repeatable levels by time:
     D:2: 953 daAuts
     D:1: 941 daAuts
     D:3: 46 daAuts
